 Dungeon Crawl Stone Soup version 0.26.1-11-gd32895ea62 (webtiles) character file.

Game seed: 12901585171355122398

587 hawla the Conjurer (level 7, -3/38 HPs)
             Began as a Deep Elf Conjurer on May 19, 2021.
             Splashed by a jelly's acid (8 damage)
             ... on level 5 of the Dungeon.
             The game lasted 00:11:31 (4621 turns).

hawla the Conjurer (Deep Elf Conjurer)              Turns: 4621, Time: 00:11:31

Health: -3/38      AC: -2    Str:  4      XL:     7   Next: 15%
Magic:  15/15      EV: 16    Int: 25      God:
Gold:   309        SH:  3    Dex: 12 (13) Spells: 7/14 levels left

rFire    . . .     SeeInvis +   e - +0 whip
rCold    . . .     Faith    .   n - +0 buckler
rNeg     . . .     Spirit   .   a - +0 robe
rPois    .         Reflect  .   (no helmet)
rElec    .         Harm     .   (no cloak)
rCorr    .         Rampage  .   (no gloves)
Will     +....                  (no boots)
Stlth    ++........             (no amulet)
HPRegen  0.12/turn              b - +4 ring of evasion
MPRegen  0.14/turn              i - ring of see invisible

@: corroded
A: blink, strong-willed 1
a: Blink


You were on level 5 of the Dungeon.
You visited 1 branch of the dungeon, and saw 5 of its levels.

You collected 309 gold pieces.

Inventory:

Hand Weapons
 e - a +0 whip (weapon)
Missiles
 o - 7 atropa-tipped darts
Armour
 a - a +0 robe (worn)
 n - a +0 buckler (worn)
Jewellery
 b - a +4 ring of evasion (left hand)
 f - an uncursed ring of ice
 i - a ring of see invisible (right hand)
Scrolls
 c - 2 scrolls of fog {unknown}
 h - 2 scrolls of enchant armour {unknown}
 j - 4 scrolls of identify {unknown}
 l - a scroll of teleportation
 m - a scroll of blinking {unknown}
 p - a scroll of amnesia {unknown}
 q - a scroll of remove curse {unknown}
Potions
 g - a potion of lignification


   Skills:
 + Level 1.4 Fighting
 - Level 1.0 Throwing
 - Level 3.0 Dodging
 - Level 3.0 Stealth
 + Level 1.1 Shields
 + Level 4.4 Spellcasting
 + Level 7.1 Conjurations
 + Level 3.3 Translocations
 - Level 1.0 Ice Magic


You had 7 spell levels left.
You knew the following spells:

 Your Spells              Type           Power        Failure   Level
a - Magic Dart            Conj           100%         1%          1
b - Searing Ray           Conj           82%          1%          2
c - Iskenderun's Mystic   Conj/Tloc      31%          14%         4

Your spell library contained the following spells:

 Spells                   Type           Power        Failure   Level
 Dazzling Flash           Conj/Hex       46%          9%          3
 Fulminant Prism          Conj/Hex       11%          28%         4


Dungeon Overview and Level Annotations

Branches:
Dungeon (5/15)
 Temple: D:4-7

Altars:
Fedhas
Yredelemnul


Innate Abilities, Weirdness & Mutations

You can translocate small distances at will.
You are strong-willed. (Will+)


Message History

Confirm with . or Enter, or press ? or * to list all spells.
You can't see any susceptible monsters within range! (Use Z to cast anyway.)
A jelly is nearby!
The jelly quivers.
The jelly completely misses you.
You hit the jelly.
Your hands burn!
The jelly is moderately wounded.
The jelly hits you. The acid corrodes you!
You are splashed with acid!
You hit the jelly but do no damage.
Your hands burn!
The jelly is moderately wounded.
The jelly hits you.
You are splashed with acid!
The jelly hits you.
* * * LOW HITPOINT WARNING * * *
You are splashed with acid!
* * * LOW HITPOINT WARNING * * *
You are too injured to fight recklessly!
You are too injured to fight recklessly!
You feel better. The jelly hits you.
* * * LOW HITPOINT WARNING * * *
You are splashed with acid!
You die...

## ... ..# ... ##..
##>.< ... # #...# ..#
.##. #...## #.# ....#
#....##J.#
....####....#@.###.#
. #................#
#.##
#....#..#....##.#
....####........#..##
..........###......##
..##...### #...รท...#
##...# ##........
#....## ##......###
#.#..)).###......##


You could see a jelly.

Vanquished Creatures
  A sky beast (D:4)
  2 ogres (D:4)
  A water moccasin skeleton (D:4)
  An orc priest (D:3)
  An orc wizard (D:3)
  An iguana (D:4)
  A hound skeleton (D:4)
  4 adders
  8 gnolls
  A shadow imp (D:5)
  An ooze (D:3)
  2 worms
  2 dart slugs
  2 leopard geckos
  5 orcs
  A ball python (D:4)
  3 giant cockroaches
  10 goblins
  A hobgoblin (D:3)
  3 kobolds
  4 bats
  A leopard gecko skeleton (D:4)
  A quokka skeleton (D:4)
  2 rats (D:3)
  A spectral orc (D:4)
60 creatures vanquished.

Notes
Turn   | Place    | Note
-------+----------+-------------------------------------------
     0 | D:1      | hawla the Deep Elf Conjurer began the quest for the Orb.
     0 | D:1      | Reached XP level 1. HP: 10/10 MP: 6/6
   280 | D:1      | Reached XP level 2. HP: 12/16 MP: 4/8
   283 | D:1      | Learned a level 2 spell: Searing Ray
  1019 | D:2      | Reached skill level 1 in Translocations
  1266 | D:2      | Reached skill level 1 in Fighting
  1266 | D:2      | Reached XP level 3. HP: 20/20 MP: 6/10
  1519 | D:2      | Reached XP level 4. HP: 25/25 MP: 1/12
  1524 | D:2      | Learned a level 4 spell: Iskenderun's Mystic Blast
  1554 | D:3      | Reached skill level 5 in Conjurations
  2713 | D:3      | Reached XP level 5. HP: 19/29 MP: 9/13
  3098 | D:3      | Reached skill level 6 in Conjurations
  3234 | D:3      | Found a blossoming altar of Fedhas.
  3548 | D:4      | Reached XP level 6. HP: 34/34 MP: 7/14
  3909 | D:4      | Reached skill level 7 in Conjurations
  4125 | D:4      | Found a basalt altar of Yredelemnul.
  4176 | D:5      | Entered Level 5 of the Dungeon
  4238 | D:5      | Noticed a sky beast
  4344 | D:4      | HP: 1/34 [something (6)]
  4351 | D:4      | Gained mutation: You can translocate small distances at
                  | will. [potion of mutation]
  4351 | D:4      | Gained mutation: You are strong-willed. (Will+) [potion of
                  | mutation]
  4353 | D:4      | Reached skill level 1 in Ice Magic
  4363 | D:4      | Killed a sky beast
  4364 | D:4      | Reached skill level 1 in Throwing
  4364 | D:4      | Reached skill level 1 in Shields
  4364 | D:4      | Reached XP level 7. HP: 16/38 MP: 0/15
  4620 | D:5      | HP: 1/38 [acid (9)]
  4621 | D:5      | Splashed by a jelly's acid

Illustrated notes

Levels and vault maps discovered:
D:1:      heliophobic_arrival_glass_houses, layout_basic
D:2:      layout_basic
D:3:      layout_rooms, nicolae_overflow_hidden_temple
D:4:      layout_basic, yredelemnul_forgotten_temple_becter
D:5:      layout_layer_cave, minmay_temple_entry_statues, serial_shops, shop

Skill      XL: |  1  2  3  4  5  6 |
---------------+-------------------+-----
Translocations | 1 2 3 |  3.3
Fighting       | 1 |  1.4
Spellcasting   | 4 |  4.4
Conjurations   | 5 6 7 |  7.1
Ice Magic      | 1 |  1.0
Throwing       | 1 |  1.0
Dodging        | 3 |  3.0
Stealth        | 3 |  3.0
Shields        | 1 |  1.1

Action                   |  1- 3 |  4- 6 |  7- 9 || total
-------------------------+-------+-------+-------++-------
Melee: Whip              |       |    26 |     2 ||    28
 Cast: Magic Dart        |    20 |    22 |       ||    42
       Searing Ray       |     9 |    32 |     1 ||    42
       Iskenderun's Myst |       |     7 |       ||     7
  Use: Scroll            |     3 |     4 |       ||     7
       Potion            |       |    11 |     1 ||    12
 Stab: Invisible         |       |     2 |       ||     2
Armor: Robe              |     1 |     6 |       ||     7
       Skin              |       |    13 |       ||    13
Dodge: Dodged            |     2 |    48 |     3 ||    53
Block: Buckler           |       |     3 |       ||     3
